 Dungeon Crawl Stone Soup version 0.29-a0-284-gf9362112df (webtiles) character file.

Game seed: 16041411917758512661

33 chopper the Shield-Bearer (level 3, -1/35 HPs)
             Began as a Gnoll Fighter on Mar 31, 2022.
             Succumbed to an orc wizard's poison
             ... on level 3 of the Dungeon.
             The game lasted 00:07:48 (1326 turns).

chopper the Shield-Bearer (Gnoll Fighter)           Turns: 1326, Time: 00:07:49

Health: -1/35      AC: 10    Str: 15    XL:     3   Next: 29%
Magic:  3/4        EV:  6    Int:  7    God:
Gold:   83         SH:  5    Dex: 13    Spells: 3/3 levels left

rFire   . . .      SeeInvis .   a - +0 war axe
rCold   . . .      Faith    .   c - +0 buckler
rNeg    . . .      Spirit   .   m - +0 chain mail
rPois   .          Reflect  .   (no helmet)
rElec   .          Harm     .   (no cloak)
rCorr   .          Rampage  .   (no gloves)
Will    .....                   (no boots)
Stlth   ..........              (no amulet)
HPRegen 0.11/turn               (no ring)
MPRegen 0.09/turn               (no ring)

@: lethally poisoned (-1 -> -31)
A: fangs 1, strong nose, distributed training
a: no special abilities


You were on level 3 of the Dungeon.
You visited 1 branch of the dungeon, and saw 3 of its levels.

You collected 83 gold pieces.

Inventory:

Hand Weapons
 a - a +0 war axe (weapon)
 k - a +0 dagger of freezing
Missiles
 j - 2 poisoned darts (quivered)
Armour
 c - a +0 buckler (worn)
 m - a +0 chain mail (worn)
Scrolls
 l - a scroll of identify {unknown}
Potions
 d - 2 potions of might
 f - a potion of resistance {unknown}
 g - 2 potions of degeneration {unknown}
 h - a potion of heal wounds {unknown}
 i - a potion of mutation {unknown}


   Skills:
 + Level 6.5 Fighting
 + Level 0.7 Short Blades
 + Level 0.7 Long Blades
 + Level 4.5 Axes
 + Level 0.7 Maces & Flails
 + Level 0.7 Polearms
 + Level 0.7 Staves
 + Level 0.7 Slings
 + Level 0.7 Bows
 + Level 0.7 Crossbows
 + Level 0.7 Throwing
 + Level 6.5 Armour
 + Level 0.7 Dodging
 + Level 0.7 Stealth
 + Level 6.5 Shields
 + Level 0.7 Unarmed Combat
 + Level 0.7 Spellcasting
 + Level 0.5 Conjurations
 + Level 0.5 Hexes
 + Level 0.5 Summonings
 + Level 0.5 Necromancy
 + Level 0.5 Translocations
 + Level 0.5 Transmutations
 + Level 0.5 Fire Magic
 + Level 0.5 Ice Magic
 + Level 0.5 Air Magic
 + Level 0.5 Earth Magic
 + Level 0.5 Poison Magic
 + Level 0.9 Invocations
 + Level 0.7 Evocations


You had 3 spell levels left.
You didn't know any spells.
Your spell library was empty.

Dungeon Overview and Level Annotations

Branches:
Dungeon (3/15)

Altars:
Uskayaw
Wu Jian


Innate Abilities, Weirdness & Mutations

You have very sharp teeth.
Your uncanny sense of smell can sniff out nearby items.
Your experience applies equally to all skills.


Message History

You are poisoned.
You feel sick.
You see here a dart slug corpse.
You hit something. Your bite misses something.
You feel very sick. The orc hits you but does no damage.
Something hits you but does no damage. x2
You are more poisoned.
You barely miss the orc.
The orc is severely wounded.
You miss something. You closely miss something.
You feel very sick.
You hear some strange, mumbled words.
A puff of flame appears from out of thin air!
The puff of flame misses you. Something hits you but does no damage.
You block the orc's attack.
You closely miss something. Your bite misses something.
You hit the orc but do no damage. You closely miss something.
You feel very sick. The orc hits you but does no damage.
Something hits you but does no damage.
You are more poisoned.
Something hits you but does no damage.
You closely miss something. Your bite misses something.
You closely miss something. You slash the orc!
You kill the orc!
You feel very sick. Something hits you.
You are more poisoned.
You hear some strange, mumbled words.
A puff of flame appears from out of thin air!
The puff of flame hits you!
* * * LOW HITPOINT WARNING * * *
Something hits you but does no damage.
You are more poisoned.
You block something's attack.
Blink to where?
Press: ? - help, Dir - move target
Found a scroll labelled UNUL ZERUXKO.
Found a faded altar of an unknown god.
As you read the scroll labelled UNUL ZERUXKO, it crumbles to dust.
It was a scroll of blinking.
You die...

###..≈≈≈≈_.≈≈≈.
...≈≈≈≈≈♣..≈≈≈.
.....≈≈≈≈≈≈≈≈≈.
.....≈≈≈≈≈≈≈≈≈≈
###..
....≈≈≈≈≈≈≈≈≈≈≈
.....
..?≈.≈...≈≈≈≈..
......
.....≈≈.≈..≈≈.≈
...... #.@#
.._...# #+##.##
..8.... .......
.._....##)......
......){§[......
#####..#{.....#.
..............
#####.#......#.
∆ #.#...<....


There were no monsters in sight!

Vanquished Creatures
  2 dart slugs
  3 orcs (D:3)
  4 ball pythons
  2 endoplasms (D:1)
  3 goblins
  2 hobgoblins (D:1)
  3 jackals (D:1)
  2 kobolds (D:2)
  A bat (D:2)
  A frilled lizard (D:2)
23 creatures vanquished.

Notes
Turn   | Place    | Note
-------+----------+-------------------------------------------
     0 | D:1      | chopper the Gnoll Fighter began the quest for the Orb.
     0 | D:1      | Reached XP level 1. HP: 23/23 MP: 1/1
    86 | D:1      | Reached XP level 2. HP: 28/29 MP: 2/2
  1090 | D:2      | Reached XP level 3. HP: 35/35 MP: 3/3
  1310 | D:3      | Found an ornate altar of the Wu Jian Council.
  1310 | D:3      | Found a hide-covered altar of Uskayaw.
  1326 | D:3      | Found a faded altar of an unknown god.
  1326 | D:3      | Succumbed to an orc wizard's poison

Illustrated notes

Levels and vault maps discovered:
D:1:      minmay_arrival_four_houses, layout_loops_ring
D:2:      layout_rooms
D:3:      minmay_bubble_buster, layout_basic,
          mainiacjoe_overflow_surrounded_room,
          chequers_temple_overflow_statue_of_worship,
          chequers_ecumenical_altar_island, biasface_ghost_orc_armoury,
          gup_sewer_entry_spiral, serial_co_window_serial, co_window_corner_a,
          co_window_of_opportunity_a, co_window_corner_a, co_window_paths_a,
          co_window_corner_a, co_window_paths_a, co_window_corner_b,
          co_window_corner_ca, co_window_unsneaky_path_b, co_window_corner_b,
          glass_columns_a, glass_columns_a, glass_columns_a, glass_columns_c,
          glass_columns_a

Action                   || total
-------------------------++-------
Melee: War axe           ||    55
       Bite              ||     4
  Use: Scroll            ||     1
Armor: Scale mail        ||    26
       Chain mail        ||    14
Dodge: Dodged            ||    23
Block: Buckler           ||    16

Table legend: (Time is in decaauts)
 A = Elapsed time spent in this place.
 B = Non-inter-level travel time spent in this place.
 C = Inter-level travel time spent in this place.
 D = Time resting spent in this place.
 E = Time spent auto-exploring this place.
 F = Levels seen in this place.
 G = Mean time per level.
                   A        B        C        D        E       F      G
               +--------+--------+--------+--------+--------+-----+--------+
         Total |   1341 |   1341 |      0 |      0 |      0 |   3 |  447.0 |
       Dungeon |   1341 |   1341 |      0 |      0 |      0 |   3 |  447.0 |
               +--------+--------+--------+--------+--------+-----+--------+

Top non-repeatable levels by time:
     D:1: 751 daAuts
     D:2: 572 daAuts
     D:3: 18 daAuts
